 Dungeon Crawl Stone Soup version 0.28-a0-1429-gf3d713df7a (webtiles) character file.

Game seed: 5851540711257740478

354 croobank the Chucker (level 6, -7/65 HPs)
             Began as an Ogre Hunter on Jan 9, 2022.
             Killed by nerve-wracking pain
             ... invoked by an orc priest
              (12 damage)
             ... on level 4 of the Dungeon.
             The game lasted 00:11:52 (3720 turns).

croobank the Chucker (Ogre Hunter)                  Turns: 3720, Time: 00:11:53

Health: -7/65      AC:  3    Str: 17    XL:     6   Next: 62%
Magic:  6/6        EV: 10    Int: 12    God:
Gold:   116        SH:  0    Dex: 11    Spells: 5/5 levels left

rFire   . . .      SeeInvis .   a - +4 short sword
rCold   . . .      Faith    .   (no shield)
rNeg    . . .      Spirit   .   b - +0 robe
rPois   .          Reflect  .   (helmet restricted)
rElec   .          Harm     .   (no cloak)
rCorr   .          Rampage  .   (gloves unavailable)
Will    .....                   (boots unavailable)
Stlth   ++........              (no amulet)
HPRegen 0.20/turn               (no ring)
MPRegen 0.10/turn               (no ring)

@: flying, hasted, very quick
A: large, unfitting armour, tough skin 1
a: no special abilities


You were on level 4 of the Dungeon.
You visited 1 branch of the dungeon, and saw 4 of its levels.

You collected 116 gold pieces.

Inventory:

Hand Weapons
 a - a +4 short sword (weapon)
Missiles
 d - 2 throwing nets (quivered)
 e - 125 stones
 h - 52 sling bullets
 i - 45 arrows
 n - 2 javelins
 o - 3 boomerangs
Armour
 b - a +0 robe (worn)
Wands
 j - a wand of mindburst (11)
Scrolls
 f - a scroll of enchant armour {unknown}
 g - 2 scrolls of immolation {unknown}
 k - a scroll of teleportation {unknown}
 l - 2 scrolls of identify {unknown}
 q - a scroll of enchant weapon {unknown}
 r - a scroll of holy word {unknown}
Potions
 m - a potion of haste
 p - a potion of flight


   Skills:
 + Level 4.8 Fighting
 + Level 1.8 Short Blades
 + Level 5.0 Throwing
 + Level 3.2 Dodging
 + Level 2.4 Stealth


You had 5 spell levels left.
You didn't know any spells.
Your spell library was empty.

Dungeon Overview and Level Annotations

Branches:
Dungeon (4/15)
 Temple: D:4-7

Altars:


Innate Abilities, Weirdness & Mutations

You are too large for most types of armour.
You have tough skin. (AC +1)


Message History

You kill the orc wizard!
The orc hits you from afar with a +0 trident.
The orc hits you with a +0 trident.
Things that are here:
a +0 dagger; a +0 robe; a scroll labelled RINYZXAH APUSM You barely miss the orc.
The orc barely misses you.
You hit the orc.
The orc is heavily wounded.
The orc priest mumbles some strange prayers to Beogh against you.
Beogh smites you! The orc closely misses you.
You closely miss the orc priest.
The orc priest calls down the wrath of Beogh upon you.
Beogh smites you! The orc hits you with a +0 trident.
You hit the orc.
You kill the orc!
The orc priest hits you with a +0 flail.
* * * LOW HITPOINT WARNING * * *
The orc priest mumbles some strange prayers to Beogh against you.
Beogh smites you!
* * * LOW HITPOINT WARNING * * *
Things that are here:
a +0 trident; an orc corpse Throw: 2 throwing nets
Press: ? - help, Q - select action, (/) - cycle Shift-Dir - straight line, f - orc priest
Aim: an orc priest, wielding a +0 flail and wearing a +0 leather armour (60% to hit)
Okay, then.
It was a potion of haste.
You feel yourself speed up.
You hit the orc priest.
The orc priest is lightly wounded.
The orc priest closely misses you.
You closely miss the orc priest.
The orc priest is lightly wounded.
The orc priest hits you with a +0 flail.
* * * LOW HITPOINT WARNING * * *
It was a potion of flight.
You feel very buoyant.
You fly up into the air.
The orc priest calls down the wrath of Beogh upon you.
Pain shoots through your body!
You die...

.......#.#.#......#
...........#......#######
#...#'##.................
....#.##...........###
....#.##.########..#
..###.##.# ###.#.# ..#
#....#####|)o#.o#
..#####.....##.#.#..#
..+......รท..##.#@#(..
..####......##.#.#(#.#
....<#......##+#.#o#..
######.............(...
..................
#######............
.................#.
........########.#.#
........#


You could see an orc priest.

Vanquished Creatures
  A necrophage (D:4)
  An orc priest (D:3)
  A hound (D:4)
  2 iguanas
  2 orc wizards
  4 adders
  A dart slug (D:3)
  4 orcs
  8 ball pythons
  3 endoplasms
  4 giant cockroaches
  3 goblins (D:2)
  5 hobgoblins
  6 jackals (D:1)
  8 kobolds
  4 quokkas
  3 bats (D:1)
  A frilled lizard (D:1)
  3 rats
64 creatures vanquished.

Notes
Turn   | Place    | Note
-------+----------+-------------------------------------------
     0 | D:1      | croobank the Ogre Hunter began the quest for the Orb.
     0 | D:1      | Reached XP level 1. HP: 22/22 MP: 1/1
   111 | D:1      | Reached skill level 1 in Stealth
   111 | D:1      | Reached XP level 2. HP: 31/31 MP: 2/2
   505 | D:1      | Reached XP level 3. HP: 35/37 MP: 3/3
  1335 | D:2      | Reached XP level 4. HP: 39/48 MP: 4/4
  1556 | D:2      | Found a faded altar of an unknown god.
  1636 | D:2      | You fall into a shaft and drop 2 floors!
  1775 | D:3      | Reached XP level 5. HP: 19/54 MP: 5/5
  2118 | D:3      | Reached skill level 1 in Short Blades
  3354 | D:4      | Noticed a necrophage
  3378 | D:4      | Killed a necrophage
  3379 | D:4      | Reached XP level 6. HP: 27/63 MP: 6/6
  3383 | D:4      | Reached skill level 5 in Throwing
  3720 | D:4      | Killed from afar by an orc priest

Illustrated notes

Levels and vault maps discovered:
D:1:      scummos_arrival_simple_fountains, layout_loops_ring
D:2:      layout_basic, dreamdust_ecumenical_altar_hidden_monk_grotto
D:3:      layout_basic
D:4:      layout_basic, minmay_crystal_room, minmay_bisected

Skill      XL: |  1  2  3  4  5  6 |
---------------+-------------------+-----
Fighting       | 3 4 |  4.8
Dodging        | 2 3 |  3.2
Stealth        | 1 2 |  2.4
Short Blades   | 1 |  1.8
Throwing       | 5 |  5.0

Action                   |  1- 3 |  4- 6 || total
-------------------------+-------+-------++-------
Melee: Short sword       |   114 |   126 ||   240
       Punch             |     1 |     1 ||     2
Throw: Large rock        |     2 |     6 ||     8
  Use: Potion            |       |     2 ||     2
 Stab: Sleeping          |       |     3 ||     3
Armor: Robe              |    59 |    19 ||    78
Dodge: Dodged            |    87 |    57 ||   144

Table legend: (Time is in decaauts)
 A = Elapsed time spent in this place.
 B = Non-inter-level travel time spent in this place.
 C = Inter-level travel time spent in this place.
 D = Time resting spent in this place.
 E = Time spent auto-exploring this place.
 F = Levels seen in this place.
 G = Mean time per level.
                   A        B        C        D        E       F      G
               +--------+--------+--------+--------+--------+-----+--------+
         Total |   3744 |   3671 |     73 |    758 |   2178 |   4 |  936.0 |
       Dungeon |   3744 |   3671 |     73 |    758 |   2178 |   4 |  936.0 |
               +--------+--------+--------+--------+--------+-----+--------+

Top non-repeatable levels by time:
     D:3: 1378 daAuts
     D:1: 1044 daAuts
     D:2: 741 daAuts
     D:4: 578 daAuts
